 Dungeon Crawl Stone Soup version 0.30-a0-4-ga7cffc901d (webtiles) character file.

Game seed: 4703101567649416190

1447 porpoise the Carver (level 8, -4/73 HPs)
             Began as a Hill Orc Warper on Aug 22, 2022.
             Was a Follower of Elyvilon.
             Slain by a troll (15 damage)
             ... on level 7 of the Dungeon.
             The game lasted 00:19:21 (7983 turns).

porpoise the Carver (Hill Orc Warper)               Turns: 7983, Time: 00:19:22

Health: -4/73      AC: 12    Str: 13    XL:     8   Next: 75%
Magic:  10/10      EV:  9    Int: 16    God:    Elyvilon [*.....]
Gold:   450        SH:  3    Dex: 13    Spells: 10/10 levels left

rFire   . . .      SeeInvis .    a - +1 falchion of the Wasteland {flame, Int+4}
rCold   . . .      Faith    .    i - +0 buckler
rNeg    + . .      Spirit   .    h - +0 scale mail
rPois   +          Reflect  .    (no helmet)
rElec   .          Harm     .    y - +2 ratskin cloak {*Rats rPois rN+ Str-1 Int-1 Dex+1}
rCorr   .          Rampage  .    n - +1 pair of gloves
Will    .....                    (no boots)
Stlth   ..........               (no amulet)
HPRegen 0.22/turn                (no ring)
MPRegen 0.12/turn                (no ring)

@: no status effects
A: no striking features
a: Renounce Religion, Purification


You were on level 7 of the Dungeon.
You worshipped Elyvilon.
Elyvilon was aware of your devotion.
You visited 2 branches of the dungeon, and saw 8 of its levels.

You collected 450 gold pieces.

Inventory:

Hand Weapons
 a - the +1 falchion of the Wasteland (weapon) {flame, Int+4}
   (You took it off a goblin on level 2 of the Dungeon)

   It burns those it strikes, dealing additional fire damage.
   Big, fiery blades are also staple armaments of hydra-hunters.
   Int:       It affects your intelligence (+4).
 b - a +0 sling of flaming
Missiles
 d - 7 boomerangs of dispersal
 q - 3 poisoned darts (quivered)
 H - 6 atropa-tipped darts
Armour
 h - a +0 scale mail (worn)
 i - a +0 buckler (worn)
 n - a +1 pair of gloves (worn)
 y - the +2 ratskin cloak (worn) {*Rats rPois rN+ Str-1 Int-1 Dex+1}
   (You found it on level 4 of the Dungeon)

   When the wearer is hurt, rats may emerge from it to assist them.
   Str:       It affects your strength (-1).
   Int:       It affects your intelligence (-1).
   Dex:       It affects your dexterity (+1).
   rPois:     It protects you from poison.
   rN:        It protects you from negative energy.
 C - a +2 robe of cold resistance
Magical Staves
 f - a staff of fire
 l - a staff of conjuration
Wands
 o - a wand of flame (22)
 p - a wand of charming (5)
 w - a wand of polymorph (5)
Scrolls
 c - 2 scrolls of blinking
 g - 2 scrolls of noise
 j - a scroll of teleportation
 s - a scroll of identify
 t - a scroll of enchant armour
 v - a scroll of fear
 E - a scroll of fog
 F - a scroll of summoning
Potions
 e - 8 potions of curing
 k - 2 potions of lignification
 m - a potion of mutation {unknown}
 r - a potion of invisibility {unknown}
 u - 3 potions of cancellation
 x - a potion of flight {unknown}
 z - a potion of ambrosia {unknown}
 A - a potion of brilliance {unknown}
 B - 3 potions of degeneration {unknown}
 D - 2 potions of attraction
 G - a potion of magic {unknown}


   Skills:
 - Level 7.0 Fighting
 - Level 8.0 Long Blades
 - Level 0.8 Throwing
 + Level 3.9 Armour
 + Level 3.1 Dodging
 - Level 1.5 Spellcasting
 - Level 2.4 Translocations
 + Level 2.4 Evocations


You had 10 spell levels left.
You didn't know any spells.
Your spell library contained the following spells:

 Spells                   Type           Power      Damage    Failure   Level
 Blink                    Tloc           16%        N/A       58%         2
 Magic Dart               Conj           4%         1d3       78%         1
 Sandblast                Erth           2%         2d4       78%         1
 Gell's Gravitas          Tloc           8%         N/A       82%         3
 Lesser Beckoning         Tloc           8%         N/A       82%         3
 Teleport Other           Tloc           8%         N/A       82%         3
 Passwall                 Tmut/Erth      0%         N/A       89%         2
 Searing Ray              Conj           2%         2d4       89%         2
 Stone Arrow              Conj/Erth      2%         3d7       98%         3
 Animate Armour           Summ/Erth      2%         N/A       100%        4
 Fulminant Prism          Conj/Hex       0%         3d6       100%        4
 Manifold Assault         Tloc           8%         N/A       100%        5
 Lehudib's Crystal Spear  Conj/Erth      0%         10d2      100%        8


Dungeon Overview and Level Annotations

Branches:
Dungeon (7/15)             Temple (1/1) D:6

Altars:
Cheibriados
Dithmenos
Elyvilon
Fedhas
Gozag
Hepliaklqana
Kikubaaqudgha
Makhleb
Nemelex Xobeh
Okawaru
Sif Muna
Trog
Uskayaw
Vehumet
Wu Jian
Xom
Zin
The Shining One

Shops:
D:2 (

Annotations:
D:2 dig single potion, another dig
D:6 3 runed translucent doors, Daxter's ghost, novice MiFi


Message History

You are too injured to fight recklessly!
You are too injured to fight recklessly!
You hit the troll. You burn the troll.
The troll is moderately wounded.
The troll barely misses you. The troll claws you but does no damage.
The troll barely misses you.
You hit the troll. You burn the troll.
The troll is heavily wounded.
You block the troll's attack. The troll closely misses you.
The troll claws you but does no damage.
You closely miss the troll.
The troll is moderately wounded.
The troll bites you! The troll claws you but does no damage.
The troll barely misses you.
You hit the troll. You burn the troll.
The troll is heavily wounded.
The troll bites you. The troll completely misses you. The troll claws you!
* * * LOW HITPOINT WARNING * * *
You hit the troll. You burn the troll.
The troll is heavily wounded.
The troll barely misses you.
The troll claws you but does no damage. x2
You barely miss the troll.
The troll is heavily wounded.
The troll barely misses you. The troll claws you but does no damage.
The troll claws you.
* * * LOW HITPOINT WARNING * * *
You slash the troll! You burn the troll.
The troll is severely wounded.
The troll bites you.
* * * LOW HITPOINT WARNING * * *
The troll completely misses you. You block the troll's attack.
You barely miss the troll.
The troll is severely wounded.
The troll bites you.
* * * LOW HITPOINT WARNING * * *
The troll claws you but does no damage. You block the troll's attack.
You barely miss the troll.
The troll is severely wounded.
The troll bites you!
You die...

##. ...
########## #.#
.......... ..#
#######.## #.#
#.# #.# #.# #T#
#.# #@# #.# #.#
#.# #.# #.# #.#
#.# #.# #.#
#.#############.#
#...............#
#.###############
###


You could see a troll.

Vanquished Creatures
  Eustachio (D:5)
  Edmund (D:5)
  A sky beast (D:7)
  2 bullfrogs
  2 scorpions (D:7)
  A hound (D:5)
  2 orc priests (D:5)
  Jessica (D:3)
  Terence (D:2)
  2 iguanas
  An orc wizard (D:4)
  9 adders
  4 gnolls (D:4)
  A shadow imp (D:5)
  2 white imps (D:5)
  An ufetubus (D:5)
  2 worms
  3 dart slugs
  9 orcs
  7 ball pythons
  7 endoplasms
  A giant cockroach (D:2)
  5 goblins
  5 hobgoblins
  11 kobolds
  8 quokkas
  7 bats
  2 frilled lizards (D:2)
  6 rats
105 creatures vanquished.

Vanquished Creatures (collateral kills)
  Sigmund (D:6)
  An orc warrior (D:5)
  A bullfrog (D:6)
  A scorpion (D:7)
  An orc wizard (D:5)
  An orc (D:5)
6 creatures vanquished.

Vanquished Creatures (others)
  4 fungi (D:3)
  8 plants
12 creatures vanquished.

Grand Total: 123 creatures vanquished

Notes
Turn   | Place    | Note
-------+----------+-------------------------------------------
     0 | D:1      | porpoise the Hill Orc Warper began the quest for the Orb.
     0 | D:1      | Reached XP level 1. HP: 18/18 MP: 3/3
   172 | D:1      | Reached XP level 2. HP: 16/25 MP: 4/4
   632 | D:1      | Reached skill level 3 in Long Blades
  1451 | D:1      | Reached XP level 3. HP: 29/31 MP: 5/5
  1835 | D:2      | Identified the +1 falchion of the Wasteland {flame, Int+4}
  2046 | D:2      | Noticed Terence
  2062 | D:2      | Killed Terence
  2063 | D:2      | Reached skill level 4 in Long Blades
  2063 | D:2      | Reached XP level 4. HP: 34/38 MP: 6/6
  2192 | D:2      | Found Uvygef's Antique Weapon Boutique.
  2720 | D:3      | Noticed Jessica
  2725 | D:3      | Killed Jessica
  3105 | D:3      | Reached XP level 5. HP: 46/46 MP: 7/7
  3342 | D:3      | Found a faded altar of an unknown god.
  3623 | D:3      | Reached skill level 5 in Long Blades
  4149 | D:4      | Found the +2 ratskin cloak {*Rats rPois rN+ Str-1 Int-1
                  | Dex+1}
  4497 | D:4      | Reached XP level 6. HP: 36/53 MP: 8/8
  4877 | D:5      | Entered Level 5 of the Dungeon
  4920 | D:5      | Noticed Edmund
  4931 | D:5      | Killed Edmund
  4932 | D:5      | Reached skill level 5 in Fighting
  4932 | D:5      | Reached skill level 6 in Long Blades
  5031 | D:5      | Found an iron altar of Okawaru.
  5038 | D:5      | Reached XP level 7. HP: 61/61 MP: 9/9
  5119 | D:5      | Reached skill level 7 in Long Blades
  5612 | D:5      | Noticed Eustachio
  5626 | D:5      | Found a radiant altar of Vehumet.
  5626 | D:5      | Found a glowing golden altar of the Shining One.
  5633 | D:5      | Killed Eustachio
  5880 | D:5      | Found a shimmering altar of Xom.
  5881 | D:5      | Found a hazy altar of Hepliaklqana.
  5882 | D:5      | Noticed a spectral ugly thing
  5908 | D:5      | Reached skill level 8 in Long Blades
  5908 | D:5      | Reached XP level 8. HP: 71/71 MP: 10/10
  6408 | D:6      | Noticed Sigmund
  6417 | D:6      | Killed Sigmund
  6534 | D:6      | Found a snail-covered altar of Cheibriados.
  6662 | D:6      | Reached skill level 1 in Evocations
  6743 | D:6      | Found a runed translucent gate.
  6743 | D:6      | Found a runed translucent gate.
  6744 | D:6      | Found a runed translucent gate.
  6746 | D:6      | Noticed Daxter's ghost (novice MiFi)
  6777 | D:6      | Found a staircase to the Ecumenical Temple.
  6854 | Temple   | Entered the Ecumenical Temple
  6957 | Temple   | Became a worshipper of Elyvilon the Healer
  7832 | D:7      | Found a blossoming altar of Fedhas.
  7928 | D:7      | Reached * piety under Elyvilon
  7965 | D:7      | Noticed a troll
  7983 | D:7      | Slain by a troll

Illustrated notes

Levels and vault maps discovered:
D:1:      dpeg_arrival_circle_labyrinth_c, layout_basic, kennysheep_nondescript
D:2:      layout_loops_ring, serial_glass, glass_columns_b, glass_columns_a,
          minmay_strange_pillars, due_unseen_surprise, item_on_display_a,
          serial_shops, shop, serial_bayou_pond_a, uniq_terence
D:3:      layout_basic, shapermc_ecumenical_altar_mp_urbaneastern,
          minmay_crystal_room, uniq_jessica
D:4:      layout_loops_ring, hangedman_decor_lopped, amethyst_killhole,
          hangedman_abyss_or_decor_passed
D:5:      layout_loops_ring, regret_index_temple_of_mockery,
          mainiacjoe_overflow_catwalk, jmf_multi_god_temple, uniq_eustachio,
          uniq_edmund
D:6:      layout_gridville, mainiacjoe_overflow_cross_hatched,
          minmay_temple_entry_statues_fountains, ebering_ghost_rock_garden,
          hangedman_abyss_or_decor_slice, uniq_sigmund
D:7:      corexii_shantytown, layout_basic, mainiacjoe_overflow_boulevard,
          serial_corexii_hall, corexii_hall_statues_s, corexii_hall_statues_i
Temple:   jpeg_temple_clearing

Skill      XL: |  1  2  3  4  5  6  7  8 |
---------------+-------------------------+-----
Long Blades    | 3 4 5 6 8 |  8.0
Fighting       | 3 4 5 6 7 |  7.0
Armour         | 3 |  3.9
Dodging        | 3 |  3.1
Evocations     | 2 |  2.4
Throwing       | |  0.8
Spellcasting   | |  1.5
Translocations | |  2.4

Action                   |  1- 3 |  4- 6 |  7- 9 || total
-------------------------+-------+-------+-------++-------
Melee: Falchion          |   124 |   126 |   141 ||   391
       Punch             |       |     2 |     1 ||     3
 Fire: Sling             |       |    24 |       ||    24
Throw: Dart              |       |       |     3 ||     3
  Use: Scroll            |       |     8 |     7 ||    15
       Potion            |       |     1 |     3 ||     4
Armor: Leather armour    |    25 |       |       ||    25
       Scale mail        |    35 |    63 |    93 ||   191
Dodge: Dodged            |    93 |    43 |    69 ||   205
Block: Buckler           |       |       |    14 ||    14

Table legend: (Time is in decaauts)
 A = Elapsed time spent in this place.
 B = Non-inter-level travel time spent in this place.
 C = Inter-level travel time spent in this place.
 D = Time resting spent in this place.
 E = Time spent auto-exploring this place.
 F = Levels seen in this place.
 G = Mean time per level.
                   A        B        C        D        E       F      G
               +--------+--------+--------+--------+--------+-----+--------+
         Total |   8004 |   7678 |    326 |   1775 |   4804 |   8 | 1000.5 |
       Dungeon |   7885 |   7603 |    282 |   1775 |   4740 |   7 | 1126.4 |
        Temple |    119 |     76 |     43 |      0 |     64 |   1 |  119.0 |
               +--------+--------+--------+--------+--------+-----+--------+

Top non-repeatable levels by time:
     D:1: 1743 daAuts
     D:3: 1305 daAuts
     D:5: 1293 daAuts
     D:6: 1127 daAuts
     D:2: 995 daAuts
     D:4: 862 daAuts
     D:7: 556 daAuts
  Temple: 119 daAuts
